 Dungeon Sprint DCSS version 0.29-a0-284-gf9362112df (webtiles) character file.

Game seed: 6930019455581168566

3511 mhtbhm the Severer (level 9, -9/97 HPs)
             Began as a Minotaur Berserker on Mar 20, 2022.
             Was a High Priest of Trog.
             Mangled by a sun demon (18 damage)
             ... summoned by an orc high priest
             ... in the Dungeon (Sprint III: "The Ten Rune Challenge").
             The game lasted 00:02:26 (1352 turns).

mhtbhm the Severer (Minotaur Berserker)             Turns: 1352, Time: 00:02:27

Health: -9/97      AC:  9    Str: 25    XL:     9   Next: 81%
Magic:  8/8        EV: 13    Int:  2    God:    Trog [*****.]
Gold:   57         SH:  0    Dex: 11    Spells: 8/8 levels left

rFire   . . .      SeeInvis .   a - +2 battleaxe (vorpal)
rCold   + . .      Faith    .   (shield currently unavailable)
rNeg    . . .      Spirit   .   b - +0 ring mail
rPois   .          Reflect  .   (helmet restricted)
rElec   .          Harm     .   (no cloak)
rCorr   .          Rampage  .   (no gloves)
Will    .....      NoTele   +   (no boots)
Stlth   +.........              (no amulet)
HPRegen 0.26/turn               (no ring)
MPRegen 0.11/turn               (no ring)

@: spiked, on berserk cooldown, slowed, very slow
A: horns 2, retaliatory headbutt, talons 1, iridescent scales 1, cold resistance
1, dopey 1
a: Renounce Religion, Berserk, Trog's Hand, Brothers in Arms


You were in the Dungeon.
You worshipped Trog.
Trog was extremely pleased with you.
You visited 1 branch You collected 57 gold pieces.

Inventory:

Hand Weapons
 a - a +2 vorpal battleaxe (weapon)
Armour
 b - a +0 ring mail (worn)
Wands
 p - a wand of flame (21)
Scrolls
 h - a scroll of blinking
 j - 3 scrolls of immolation {unknown}
 k - 3 scrolls of identify
 m - a scroll of holy word {unknown}
Potions
 e - a potion of haste
 f - 2 potions of magic
 g - 2 potions of berserk rage
 i - a potion of mutation
 l - a potion of attraction {unknown}
 n - 2 potions of flight
Miscellaneous
 o - a phial of floods (inert)


   Skills:
 + Level 15.1 Fighting
 + Level 17.5 Axes
 + Level 11.1 Armour
 + Level 7.6 Dodging
 + Level 5.0 Stealth


You had 8 spell levels left.
You didn't know any spells.
Your spell library was empty.

Dungeon Overview and Level Annotations

Branches:
Dungeon (1/1)

Altars:
Cheibriados
Dithmenos
Elyvilon
Fedhas
Gozag
Hepliaklqana
Kikubaaqudgha
Makhleb
Nemelex Xobeh
Okawaru
Qazlal
Ru
Sif Muna
Trog
Uskayaw
Vehumet
Wu Jian
Xom
Yredelemnul
Zin
The Shining One
Beogh
Jiyva
Lugonu

Shops:
D ?


Innate Abilities, Weirdness & Mutations

You have a pair of horns on your head.
You reflexively headbutt those who attack you in melee.
You have sharp toenails.
You are partially covered in iridescent scales. (AC +2)
Your flesh is cold resistant. (rC+)
You are dopey. (Int -2)


Message History

The red devil hits you but does no damage.
The orc high priest invokes the aid of Beogh against you.
Beogh smites you!
* * * LOW HITPOINT WARNING * * *
Unknown command.
You feel much better.
You feel sick.
You are no longer poisoned.
The orc wizard mumbles some strange words.
The orc wizard flickers and vanishes!
The orc high priest barely misses you. The red devil closely misses you.
Unknown command.
Unknown command.
Aim the phial where?
Press: ? - help, Shift-Dir - straight line, f - sun demon
Aim: a sun demon (summoned)
The torrent of water hits the sun demon!
The sun demon is moderately wounded.
The sun demon is knocked back by the torrent of water.
The sun demon collides with the orc!
The wave splashes down.
Splash!
You fall into the shallow water.
Moving in this stuff is going to be slow.
The red devil is engulfed in water.
The orc warrior is engulfed in water.
The orc is engulfed in water.
The sun demon is engulfed in water.
The orc high priest is engulfed in water.
The red devil hits you from afar with a +0 demon trident.
Barbed spikes become lodged in your body.
The orc high priest hits you from afar with a +0 glaive!
* * * LOW HITPOINT WARNING * * *
The orc high priest splashes around in the water.
The red devil misses you. The sun demon closely misses you.
Unknown command.
Unknown command.
Unknown command.
Okay, then.
Okay, then.
The sun demon hits you!!
* * * LOW HITPOINT WARNING * * *
You are engulfed in flames!!
You die...

▓▓▓ ♣.############ ## #$
♣.#___#___#__####∩###$.$
♣.#.).#__.#._#..ooo...$#
..###'#'###)##≈{oo....$$
♣.#..........#.4{ooo..$$
..'.⌠........#$#3##.#_#
..#...######'#.#@#
..#.⌠.#__#...#'##################
..#...#__#...#....#.#.#.....#^...
..#)###__#..)##.#))#.##.###.#.^..
..#.:)#__#...'##)#.#.##.#))##....
..#___#__'...#...#..#..##.)'.....
▓▓▓▓▓▓▓▓▓▓▓▓▓▓▓▓▓▓▓▓▓▓▓▓▓▓▓#.^...
♣≈≈≈..).....≈≈≈...#^.^..
+♣≈≈≈≈≈≈≈≈≈≈≈≈♣♣P.'.^..^


You could see 2 orc high priests, a sun demon (summoned, waterlogged), a red
devil (summoned, waterlogged), an orc warrior (waterlogged) and 3 orcs.

Vanquished Creatures
  Erolcha (D)
  A deep elf pyromancer (D)
  A shadow (D)
  2 redbacks (D)
  3 wandering mushrooms (D)
  A spatial vortex (D)
  An orc warrior (D)
  5 two-headed ogres (D)
  A necrophage (D)
  A water elemental (D)
  A jelly (D)
  Jessica (D)
  A wizard (D)
  An orc wizard (D)
  A necromancer (D)
  3 humans (D)
  A kobold demonologist (D)
  A phantom (D)
  3 orcs (D)
  An endoplasm (D)
  2 rats (D)
33 creatures vanquished.

Notes
Turn   | Place    | Note
-------+----------+-------------------------------------------
     0 | D        | mhtbhm the Minotaur Berserker began the quest for the Orb.
     0 | D        | Reached XP level 1. HP: 19/19 MP: 0/0
     5 | D        | Reached skill level 4 in Axes
    38 | D        | Noticed Jessica
    39 | D        | Reached ** piety under Trog
    43 | D        | Killed Jessica
    44 | D        | Reached skill level 5 in Fighting
    44 | D        | Reached skill level 5 in Axes
    44 | D        | Reached XP level 2. HP: 16/29 MP: 1/1
    44 | D        | Reached XP level 3. HP: 21/36 MP: 2/2
   193 | D        | Reached skill level 6 in Axes
   216 | D        | Gained mutation: You expend magic power (3 MP) to
                  | strengthen your wands. [potion of mutation]
   220 | D        | Lost mutation: You expend magic power (3 MP) to strengthen
                  | your wands. [potion of mutation]
   220 | D        | Gained mutation: Armour fits poorly on your strangely
                  | shaped body. [potion of mutation]
   220 | D        | Gained mutation: You sometimes lose the ability to read
                  | scrolls when taking damage. [potion of mutation]
   221 | D        | Lost mutation: You sometimes lose the ability to read
                  | scrolls when taking damage. [potion of mutation]
   221 | D        | Lost mutation: Armour fits poorly on your strangely shaped
                  | body. [potion of mutation]
   221 | D        | Gained mutation: You are dopey. (Int -2) [potion of
                  | mutation]
   221 | D        | Gained mutation: You are partially covered in iridescent
                  | scales. (AC +2) [potion of mutation]
   221 | D        | Gained mutation: Your flesh is cold resistant. (rC+)
                  | [potion of mutation]
   221 | D        | Gained mutation: You have sharp toenails. [potion of
                  | mutation]
   244 | D        | Noticed a water elemental
   249 | D        | Killed a water elemental
   249 | D        | Reached *** piety under Trog
   250 | D        | Reached skill level 7 in Axes
   250 | D        | Reached skill level 1 in Stealth
   250 | D        | Reached XP level 4. HP: 47/47 MP: 3/3
   349 | D        | Found a basalt altar of Yredelemnul.
   349 | D        | Found a shadowy altar of Dithmenos.
   349 | D        | Found a sacrificial altar of Ru.
   349 | D        | Noticed a necrophage
   354 | D        | Killed a necrophage
   355 | D        | Reached skill level 9 in Axes
   355 | D        | Reached skill level 5 in Armour
   355 | D        | Reached XP level 5. HP: 31/53 MP: 4/4
   497 | D        | Found a hide-covered altar of Uskayaw.
   497 | D        | Found an iron altar of Okawaru.
   497 | D        | Found a bloodstained altar of Trog.
   497 | D        | Found an ornate altar of the Wu Jian Council.
   497 | D        | Noticed a human
   498 | D        | Noticed a human
   503 | D        | Killed a human
   503 | D        | Reached **** piety under Trog
   504 | D        | Reached skill level 10 in Axes
   504 | D        | Reached skill level 5 in Dodging
   504 | D        | Reached XP level 6. HP: 64/64 MP: 5/5
   510 | D        | Killed a human
   511 | D        | Reached skill level 10 in Fighting
   511 | D        | Reached skill level 11 in Axes
   549 | D        | Found a glowing silver altar of Zin.
   549 | D        | Found a glowing golden altar of the Shining One.
   549 | D        | Found a white marble altar of Elyvilon.
   550 | D        | Noticed a deep elf pyromancer
   554 | D        | Killed a deep elf pyromancer
   555 | D        | Reached skill level 13 in Axes
   555 | D        | Reached XP level 7. HP: 75/75 MP: 6/6
   590 | D        | Found a radiant altar of Vehumet.
   590 | D        | Found a shimmering blue altar of Sif Muna.
   590 | D        | Found an ancient bone altar of Kikubaaqudgha.
   593 | D        | Reached ***** piety under Trog
   625 | D        | Noticed a shadow
   633 | D        | Killed a shadow
   634 | D        | Reached skill level 14 in Axes
   634 | D        | Reached XP level 8. HP: 72/83 MP: 7/7
   699 | D        | Found a blossoming altar of Fedhas.
   699 | D        | Found a stormy altar of Qazlal.
   699 | D        | Found a snail-covered altar of Cheibriados.
   699 | D        | Found a burning altar of Makhleb.
   699 | D        | Found a shimmering altar of Xom.
   700 | D        | Found a hazy altar of Hepliaklqana.
   700 | D        | Found an opulent altar of Gozag.
   700 | D        | Found a sparkling altar of Nemelex Xobeh.
   700 | D        | Found a corrupted altar of Lugonu.
   700 | D        | Found a viscous altar of Jiyva.
   834 | D        | Noticed a two-headed ogre
   852 | D        | Killed a two-headed ogre
   853 | D        | Reached skill level 15 in Axes
   897 | D        | Noticed a two-headed ogre
   897 | D        | Noticed Erolcha
   905 | D        | Killed a two-headed ogre
   906 | D        | Reached XP level 9. HP: 93/93 MP: 8/8
   910 | D        | Killed Erolcha
   910 | D        | Received a gift from Trog
   911 | D        | Reached skill level 16 in Axes
   911 | D        | Reached skill level 10 in Armour
  1192 | D        | Noticed a wandering mushroom
  1196 | D        | Noticed a wandering mushroom
  1198 | D        | Noticed a wandering mushroom
  1201 | D        | Reached skill level 17 in Axes
  1277 | D        | Killed a wandering mushroom
  1277 | D        | Reached ****** piety under Trog
  1277 | D        | Received a gift from Trog
  1278 | D        | Reached skill level 15 in Fighting
  1278 | D        | Reached skill level 5 in Stealth
  1332 | D        | Found Reacos's Magic Scroll Shop.
  1333 | D        | Noticed an orc high priest
  1333 | D        | Noticed an orc high priest
  1347 | D        | Noticed a sun demon
  1347 | D        | Noticed a red devil
  1352 | D        | Mangled by a sun demon

Illustrated notes

Levels and vault maps discovered:
D:        dungeon_sprint_mu [sprint_mu_entry_forest, sprint_mu_temple_rooms,
          sprint_mu_d1_spiders, sprint_mu_d2_genie, sprint_mu_d3_branching,
          sprint_mu_orc_legion, sprint_mu_elf_gauntlet, sprint_mu_hive_nellie,
          sprint_mu_lair_fedhas, sprint_mu_vaults_butterflies,
          sprint_mu_slime_circle, sprint_mu_swamp_cave, sprint_mu_snake_twists,
          sprint_mu_blade_basic, sprint_mu_crypt_fortress,
          sprint_mu_tomb_spiral, sprint_mu_vestibule_basic,
          sprint_mu_gehenna_hellfire, sprint_mu_dis_giant,
          sprint_mu_tartarus_statrot, sprint_mu_cocytus_islands, sprint_mu_zot1]

Skill      XL: |  1  2  3  4  5  6  7  8  9 |
---------------+----------------------------+-----
Axes           | 5 7 9 10 13 14 15 17 | 17.5
Fighting       | 5 7 8 9 11 12 13 15 | 15.1
Armour         | 3 4 5 6 8 9 11 | 11.1
Dodging        | 3 4 5 6 7 |  7.6
Stealth        | 1 2 3 4 5 |  5.0

Action                   |  1- 3 |  4- 6 |  7- 9 || total
-------------------------+-------+-------+-------++-------
Melee: Hand axe          |    19 |    24 |    47 ||    90
       Headbutt          |     1 |     3 |    14 ||    18
       Kick              |       |     5 |    26 ||    31
       Battleaxe         |       |       |    17 ||    17
Invok: Berserk           |     2 |     2 |     5 ||     9
       Brothers in Arms  |       |       |     2 ||     2
Evoke: Phial of floods   |       |       |     1 ||     1
  Use: Potion            |     3 |       |     4 ||     7
 Stab: Sleeping          |     1 |       |       ||     1
       Distracted        |       |     1 |       ||     1
Armor: Animal skin       |     2 |       |       ||     2
       Ring mail         |     1 |     3 |     8 ||    12
Dodge: Dodged            |     9 |     7 |    35 ||    51

Table legend: (Time is in decaauts)
 A = Elapsed time spent in this place.
 B = Non-inter-level travel time spent in this place.
 C = Inter-level travel time spent in this place.
 D = Time resting spent in this place.
 E = Time spent auto-exploring this place.
 F = Levels seen in this place.
 G = Mean time per level.
                   A        B        C        D        E       F      G
               +--------+--------+--------+--------+--------+-----+--------+
         Total |   1408 |   1408 |      0 |    836 |    149 |   1 | 1408.0 |
       Dungeon |   1408 |   1408 |      0 |    836 |    149 |   1 | 1408.0 |
               +--------+--------+--------+--------+--------+-----+--------+

Top non-repeatable levels by time:
       D: 1408 daAuts
